 Dungeon Sprint DCSS version 0.23.2-1-ga50397a6bc (webtiles) character file.

Game seed: 4809724821611951794

969 Kobolds4U the Cleaver (level 7, -3/109 HPs)
             Began as a Minotaur Berserker on May 10, 2019.
             Was an Elder of Trog.
             Slain by a sun demon (19 damage)
             ... summoned by a kobold demonologist
             ... in the Dungeon (Sprint I: "Red Sonja").
             The game lasted 00:01:27 (395 turns).

Kobolds4U the Cleaver (Minotaur Berserker)           Turns: 395, Time: 00:01:28

Health: -3/109     AC:  7    Str: 26    XL:     7   Next: 94%
Magic:  6/6        EV: 17    Int:  9    God:    Trog [****..]
Gold:   158        SH:  0    Dex: 12    Spells: 6/6 levels left

rFire    . . .     SeeInvis .   a - +0 hand axe
rCold    + . .     Gourm    .   (no shield)
rNeg     . . .     Faith    .   j - +2 leather armour {rC+}
rPois    .         Spirit   .   (helmet restricted)
rElec    .         Reflect  .   (no cloak)
rCorr    .         Harm     .   (no gloves)
MR       .....     NoTele   +   l - +1 pair of boots "Koych" {*Contam Int+5}
Stlth    ..........             (no amulet)
HPRegen  0.28/turn              (no ring)
MPRegen  0.10/turn              (no ring)

@: berserking, very quick
A: retaliatory headbutt, horns 2
a: Berserk, Trog's Hand, Brothers in Arms, Renounce Religion


You were in the Dungeon.
You worshipped Trog.
Trog was greatly pleased with you.
You were not hungry.

You visited 1 branch You collected 405 gold pieces.
You spent 247 gold pieces at shops.

Inventory:

Hand Weapons
 a - a +0 hand axe (weapon)
Armour
 j - a +2 leather armour of cold resistance (worn)
 l - the +1 pair of boots "Koych" (worn) {*Contam Int+5}
   (You bought it in a shop in the Dungeon)

   It affects your intelligence (+5).
   It causes magical contamination when unequipped.
Scrolls
 i - a scroll of blinking
 k - a scroll of identify {unknown}
Potions
 d - a potion of curing
 e - a potion of heal wounds
 f - 2 potions of haste
 g - 2 potions of magic
 h - a potion of berserk rage
Comestibles
 c - a ration


   Skills:
 + Level 10.9 Fighting
 * Level 14.4 Axes
 - Level 2.4 Armour
 + Level 9.8 Dodging


You had 6 spell levels left.
You didn't know any spells.
Your spell library was empty.

Dungeon Overview and Level Annotations

Branches:
Dungeon (1/1)

Altars:
Cheibriados
Dithmenos
Elyvilon
Fedhas
Gozag
Hepliaklqana
Kikubaaqudgha
Makhleb
Nemelex Xobeh
Okawaru
Qazlal
Ru
Sif Muna
Trog
Uskayaw
Vehumet
Wu Jian
Xom
Yredelemnul
Zin
The Shining One
Jiyva
Lugonu

Shops:
D [


Innate Abilities, Weirdness & Mutations

You reflexively headbutt those who attack you in melee.
You have a pair of horns on your head.


Message History

The sun demon hits you but does no damage.
You barely miss the kobold demonologist.
The kobold demonologist is lightly wounded.
You hit the sun demon but do no damage. You slash the kobold demonologist!
The kobold demonologist is moderately wounded.
You barely miss the sun demon. The sun demon hits you!
You are engulfed in flames!
* * * LOW HITPOINT WARNING * * *
The kobold demonologist mumbles some strange words.
You hit the kobold demonologist.
Your headbutt misses the kobold demonologist.
The kobold demonologist is heavily wounded.
You closely miss the sun demon.
You closely miss the kobold demonologist.
The kobold demonologist is heavily wounded.
You miss the sun demon. The sun demon hits you!
* * * LOW HITPOINT WARNING * * *
You are engulfed in flames!!
You die...

#####################
.)..#..'..#__#..@3..#
.#..').#..'^.'..#K.5#
###'#####'#__####5§.+
##..#...#.#### ####
_####..##(#
____##'#_.+
.∩...'..._#
..__##_.#'#
____###+#.#


You could see a sun demon, a kobold demonologist, a quasit and an ufetubus.

Vanquished Creatures
  A kobold demonologist (D)
  A slime creature (D)
  Sigmund (D)
  A yak (D)
  A floating eye (D)
  An ogre (D)
  A jelly (D)
  Ijyb (D)
8 creatures vanquished.

Notes
Turn   | Place    | Note
-------+----------+-------------------------------------------
     0 | D        | Kobolds4U the Minotaur Berserker began the quest for the
                  | Orb.
     0 | D        | Reached XP level 1. HP: 19/19 MP: 0/0
     1 | D        | Noticed Ijyb
    12 | D        | Killed Ijyb
    12 | D        | Reached skill level 5 in Fighting
    12 | D        | Reached skill level 6 in Axes
    12 | D        | Reached XP level 2. HP: 27/29 MP: 1/1
    33 | D        | Noticed an ogre
    36 | D        | Killed an ogre
    36 | D        | Reached skill level 8 in Axes
    36 | D        | Reached skill level 5 in Dodging
    36 | D        | Reached XP level 3. HP: 38/38 MP: 2/2
    36 | D        | Reached XP level 4. HP: 45/45 MP: 3/3
    79 | D        | Noticed Sigmund
    84 | D        | Killed Sigmund
    84 | D        | Reached ** piety under Trog
    84 | D        | Reached skill level 10 in Axes
    84 | D        | Reached XP level 5. HP: 41/53 MP: 4/4
   160 | D        | Found an ornate altar of the Wu Jian Council.
   160 | D        | Found a deep blue altar of Sif Muna.
   162 | D        | Found a radiant altar of Vehumet.
   164 | D        | Reached skill level 11 in Axes
   164 | D        | Reached XP level 6. HP: 61/62 MP: 5/5
   189 | D        | Found Inlealun's Antique Armour Emporium.
   189 | D        | Found an ancient bone altar of Kikubaaqudgha.
   189 | D        | Found a hazy altar of Hepliaklqana.
   189 | D        | Found a stormy altar of Qazlal.
   189 | D        | Found a hide-covered altar of Uskayaw.
   189 | D        | Found a blossoming altar of Fedhas.
   189 | D        | Found a bloodstained altar of Trog.
   189 | D        | Found an iron altar of Okawaru.
   189 | D        | Found a basalt altar of Yredelemnul.
   189 | D        | Found a glowing golden altar of the Shining One.
   189 | D        | Found a snail-covered altar of Cheibriados.
   189 | D        | Found a sacrificial altar of Ru.
   189 | D        | Found a glowing silver altar of Zin.
   189 | D        | Found a shadowy altar of Dithmenos.
   189 | D        | Found a white marble altar of Elyvilon.
   189 | D        | Noticed a yak
   196 | D        | Killed a yak
   196 | D        | Reached skill level 12 in Axes
   197 | D        | Found an opulent altar of Gozag.
   198 | D        | Found a sparkling altar of Nemelex Xobeh.
   202 | D        | Bought a pair of ancient boots for 247 gold pieces
   207 | D        | Identified the +1 pair of boots "Koych" {*Contam Int+5}
                  | (You bought it in a shop in the Dungeon)
   278 | D        | Found a viscous altar of Jiyva.
   278 | D        | Found a corrupted altar of Lugonu.
   278 | D        | Noticed a slime creature
   287 | D        | Killed a slime creature
   287 | D        | Reached *** piety under Trog
   287 | D        | Reached skill level 10 in Fighting
   287 | D        | Reached skill level 13 in Axes
   287 | D        | Reached XP level 7. HP: 53/72 MP: 6/6
   288 | D        | Found a burning altar of Makhleb.
   288 | D        | Found a shimmering altar of Xom.
   381 | D        | Noticed a kobold demonologist
   382 | D        | Noticed a kobold demonologist
   383 | D        | Noticed a sun demon
   390 | D        | Killed a kobold demonologist
   390 | D        | Reached **** piety under Trog
   390 | D        | Reached skill level 14 in Axes
   395 | D        | Slain by a sun demon

Skill      XL: |  1  2  3  4  5  6  7 |
---------------+----------------------+-----
Fighting       | 5 6 8 10 | 10.9
Axes           | 6 8 10 11 13 14 | 14.4
Dodging        | 3 5 7 8 9 |  9.8
Armour         | |  2.4

Action                   |  1- 3 |  4- 6 |  7- 9 || total
-------------------------+-------+-------+-------++-------
Melee: Hand axe          |    12 |    20 |    12 ||    44
       Headbutt          |     3 |     7 |     2 ||    12
Invok: Berserk           |     1 |       |     1 ||     2
Armor: Animal skin       |     2 |       |       ||     2
       Leather armour    |       |     1 |     2 ||     3
Dodge: Dodged            |     4 |     6 |     1 ||    11
